 Dungeon Crawl Stone Soup version 0.26-a0-660-gc07710193c (webtiles) character file.

Game seed: 7468366404034569719

15313 droidtality the Cleaver (level 12, -26/101 HPs)
             Began as a Ghoul Fighter on Oct 6, 2020.
             Was a High Priest of Makhleb.
             Killed from afar by Jorgrun (28 damage)
             ... with a blast of rock fragments
             ... on level 12 of the Dungeon.
             The game lasted 00:16:18 (11097 turns).

droidtality the Cleaver (Ghoul Fighter)            Turns: 11097, Time: 00:16:19

Health: -26/101    AC: 20    Str: 25    XL:     12   Next: 25%
Magic:  11/11      EV: 10    Int:  3    God:    Makhleb [*****.]
Gold:   787        SH:  0    Dex:  8    Spells: 11/11 levels left

rFire    . . .     SeeInvis +   n - +3 battleaxe "Keocy" {flame, rC+}
rCold    + + +     Faith    .   (shield currently unavailable)
rNeg     + + +     Spirit   .   d - +4 chain mail {rC+}
rPois    ∞         Reflect  .   I - +0 helmet
rElec    .         Harm     .   m - +2 cloak {MR+}
rCorr    .         Rampage  .   t - +0 pair of gloves
MR       +....                  (no boots)
Stlth    ..........             (no amulet)
HPRegen  0.00/turn              b - +4 ring of evasion
MPRegen  0.12/turn              z - ring of see invisible

@: about to teleport, grasped by roots, constricted, studying Long Blades
A: rotting body, claws 1, cold resistance 1, negative energy resistance 3,
inhibited regeneration, torment resistance, unbreathing
a: Minor Destruction, Lesser Servant of Makhleb, Major Destruction, Greater
Servant of Makhleb, Renounce Religion


You were on level 12 of the Dungeon.
You worshipped Makhleb.
Makhleb was extremely pleased with you.
You visited 2 branches of the dungeon, and saw 13 of its levels.

You collected 787 gold pieces.

Inventory:

Hand Weapons
 n - the +3 battleaxe "Keocy" (weapon) {flame, rC+}
   (You found it on level 5 of the Dungeon)

   It has been specially enchanted to burn those struck by it, causing extra
   injury to most foes and up to half again as much damage against particularly
   susceptible opponents.
   Big, fiery blades are also staple armaments of hydra-hunters.
   It protects you from cold.
 G - a +0 battleaxe of freezing
 J - a +4 morningstar
Armour
 d - a +4 chain mail of cold resistance (worn)
 m - a +2 cloak of magic resistance (worn)
 o - a scarf of resistance
 t - a +0 pair of gloves (worn)
 E - a +0 tower shield
 I - a +0 helmet (worn)
Jewellery
 b - a +4 ring of evasion (left hand)
 y - an uncursed ring of flight
 z - a ring of see invisible (right hand)
Wands
 c - a wand of flame (19)
Scrolls
 a - a scroll of fog
 e - 5 scrolls of remove curse
 h - a scroll of teleportation
 q - 2 scrolls of amnesia
 u - 2 scrolls of immolation
 v - 3 scrolls of magic mapping
 w - 2 scrolls of random uselessness {unknown}
 x - 7 scrolls of identify
 A - a scroll of torment {unknown}
 B - 3 scrolls of vulnerability {unknown}
 C - 3 scrolls of fear {unknown}
 F - a scroll of noise {unknown}
 K - a scroll of enchant armour {unknown}
Potions
 f - a potion of lignification {unknown}
 g - 2 potions of curing {unknown}
 i - a potion of haste {unknown}
 k - 2 potions of heal wounds {unknown}
 l - a potion of invisibility {unknown}
 p - a potion of degeneration {unknown}
 H - a potion of resistance {unknown}
 L - 2 potions of ambrosia {unknown}
 M - a potion of magic {unknown}
Books
 D - a manual of Long Blades


   Skills:
 + Level 7.7 Fighting
 + Level 14.9 Axes
 + Level 6.8 Armour
 - Level 2.5 Dodging
 - Level 1.4 Stealth
 + Level 2.6 Shields


You had 11 spell levels left.
You didn't know any spells.
Your spell library contained the following spells:

 Spells                   Type           Power        Failure   Level
 Magic Dart               Conj           #...         98%         1
 Shock                    Conj/Air       #...         98%         1
 Blink                    Tloc           N/A          99%         2
 Call Imp                 Summ           #.......     99%         2
 Slow                     Hex            #.......     99%         2
 Swiftness                Air            #.......     99%         2
 Conjure Flame            Conj/Fire      #.......     100%        3
 Mephitic Cloud           Conj/Pois/Air  #.......     100%        3
 Static Discharge         Conj/Air       #.......     100%        3
 Airstrike                Air            #.........   100%        4
 Lightning Bolt           Conj/Air       #.........   100%        5


Dungeon Overview and Level Annotations

Branches:
Dungeon (12/15)            Temple (1/1) D:7            Lair (0/6) D:8
    Orc (0/2) D:11

Altars:
Ashenzari
Cheibriados
Dithmenos
Fedhas
Hepliaklqana
Kikubaaqudgha
Makhleb
Nemelex Xobeh
Ru
Sif Muna
Trog
Uskayaw
Wu Jian
Xom
Yredelemnul
Zin

Shops:
D:7 :

Portals:
Abyss: D:12

Annotations:
D:9 exclusion: obsidian statue
D:12 2 transporters, Jorgrun; droidtality's ghost, journeyman DDFi


Innate Abilities, Weirdness & Mutations

Your body is rotting away.
You thrive by killing the living.
You are immune to poison.
You have sharp fingernails.
Your flesh is cold resistant. (rC+)
You are immune to negative energy. (rN+++)
You do not regenerate when monsters are visible.
You are immune to unholy pain and torment.
You can survive without breathing.


Message History

You miss Jorgrun.
Jorgrun is moderately wounded.
Jorgrun points at you and mumbles some strange words.
The wall shatters!
The blast of rock fragments hits you!!
* * * LOW HITPOINT WARNING * * *
x2 The grasping roots constrict you!
You are too injured to fight recklessly!
You are too injured to fight recklessly!
Unknown command.
Okay, then.
As you read the scroll of teleportation, it crumbles to dust.
You feel strangely unstable. Jorgrun hits you but does no damage.
* * * LOW HITPOINT WARNING * * *
The grasping roots constrict you!
You slice Jorgrun!! You burn Jorgrun.
Jorgrun is heavily wounded.
An ice beast comes into view.
Jorgrun casts a spell past you.
The wall shatters!
The blast of rock fragments hits you!!
You die...

(#.........## #..#
.##........# ##.##
#.##......## ##.##
.#.##.....# #..#
...#.....# ##.##
##.##.....# ##..#
.###......# ##..##
..........# #..##
..###.....# #@.#
...##......# #g.##
...##......# #...#
.......##.......##
....#### ####.Y#
>...# ##. ....# ##
....# ....


You could see Jorgrun and an ice beast (wandering).

Vanquished Creatures
  Snorg (D:12)
  A boulder beetle (D:7)
  Harold (D:7)
  A two-headed ogre (D:8)
  3 ugly things
  A cyclops (D:11)
  2 gargoyles
  Maggie (D:6)
  2 trolls
  A hornet (D:7)
  2 shadows (D:11)
  A meliai zombie (D:11)
  Sigmund (D:5)
  A vampire (D:11)
  2 wyverns
  11 yaks
  A steam dragon (D:9)
  2 water moccasins (D:8)
  4 black bears
  2 sky beasts
  2 ice beasts
  4 orc warriors
  6 phantoms
  2 necrophages
  An eye of draining (D:9)
  3 ogres
  4 centaurs
  A big kobold (D:7)
  8 bullfrogs
  A gnoll sergeant (D:8)
  6 scorpions
  A troll zombie (D:11)
  A jelly (D:11)
  9 killer bees (D:11)
  14 wights
  2 howler monkeys
  3 bullfrog zombies
  A quasit (D:8)
  7 orc wizards
  Crazy Yiuf (D:3)
  4 orc priests
  3 gnoll shamans
  5 hounds
  6 iguanas
  Terence (D:3)
  8 worker ants
  A killer bee zombie (D:6)
  7 ogre zombies (D:11)
  A hound zombie (D:6)
  2 hound skeletons
  15 adders
  15 gnolls
  A shadow imp (D:7)
  2 white imps (D:5)
  6 ufetubi
  4 oozes
  2 adder skeletons
  5 worms
  A dart slug (D:3)
  11 leopard geckos
  42 orcs
  3 ball pythons
  6 bats
  7 giant cockroaches
  5 goblins
  6 hobgoblins
  22 jackals
  4 quokkas
  8 frilled lizards
  A giant cockroach zombie (D:6)
  2 goblin skeletons (D:11)
  4 goblin zombies (D:11)
  4 hobgoblin zombies (D:11)
  A jackal skeleton (D:6)
  13 kobolds
  A leopard gecko skeleton (D:5)
  2 orc skeletons (D:11)
  13 orc zombies (D:11)
  5 rats
367 creatures vanquished.

Vanquished Creatures (others)
  27 fungi (D:8)
  26 plants (D:8)
53 creatures vanquished.

Grand Total: 420 creatures vanquished

Notes
Turn   | Place    | Note
-------+----------+-------------------------------------------
     0 | D:1      | droidtality the Ghoul Fighter began the quest for the Orb.
     0 | D:1      | Reached XP level 1. HP: 19/19 MP: 0/0
    33 | D:1      | Reached skill level 2 in Axes
   108 | D:1      | Reached XP level 2. HP: 26/26 MP: 1/1
   368 | D:1      | Reached skill level 3 in Axes
   368 | D:1      | Reached XP level 3. HP: 30/31 MP: 2/2
  1208 | D:2      | Reached XP level 4. HP: 32/38 MP: 3/3
  1307 | D:2      | You fall into a shaft and drop 1 floor!
  1335 | D:3      | Reached skill level 4 in Axes
  1340 | D:3      | Reached skill level 1 in Dodging
  1510 | D:3      | Reached XP level 5. HP: 45/45 MP: 4/4
  1652 | D:3      | Noticed Terence
  1658 | D:3      | Killed Terence
  1897 | D:3      | Found a runed translucent door.
  1898 | D:3      | Noticed Crazy Yiuf
  1965 | D:3      | Killed Crazy Yiuf
  1965 | D:3      | Reached skill level 5 in Axes
  1965 | D:3      | Reached XP level 6. HP: 51/51 MP: 5/5
  2466 | D:4      | Noticed a phantom
  2553 | D:2      | Found a faded altar of an unknown god.
  2989 | D:4      | Killed a phantom
  3237 | D:4      | Reached skill level 6 in Axes
  3237 | D:4      | Reached XP level 7. HP: 40/57 MP: 6/6
  4032 | D:5      | Entered Level 5 of the Dungeon
  4268 | D:5      | Noticed an angel
  4269 | D:5      | Found a glowing silver altar of Zin.
  4438 | D:5      | Noticed Sigmund
  4453 | D:5      | Killed Sigmund
  4453 | D:5      | Reached skill level 7 in Axes
  4586 | D:5      | Reached XP level 8. HP: 57/63 MP: 7/7
  4753 | D:5      | Got a slimy battleaxe
  4759 | D:5      | Identified the cursed +3 battleaxe "Keocy" {flame, rC+}
                  | (You found it on level 5 of the Dungeon)
  5124 | D:6      | Reached skill level 8 in Axes
  5208 | D:6      | Noticed Maggie
  5215 | D:6      | Killed Maggie
  5215 | D:6      | Reached skill level 9 in Axes
  5215 | D:6      | Reached skill level 1 in Stealth
  5583 | D:6      | Found a sparkling altar of Nemelex Xobeh.
  5586 | D:6      | Found a shimmering blue altar of Sif Muna.
  5595 | D:6      | Found an ancient bone altar of Kikubaaqudgha.
  5596 | D:6      | Found a basalt altar of Yredelemnul.
  5596 | D:6      | Found a sacrificial altar of Ru.
  5596 | D:6      | Found a shadowy altar of Dithmenos.
  5596 | D:6      | Found a burning altar of Makhleb.
  5597 | D:6      | Found a hide-covered altar of Uskayaw.
  5598 | D:6      | Found a hazy altar of Hepliaklqana.
  5599 | D:6      | Found a blossoming altar of Fedhas.
  5607 | D:6      | Became a worshipper of Makhleb the Destroyer
  5611 | D:6      | Found an ornate altar of the Wu Jian Council.
  5631 | D:6      | Reached XP level 9. HP: 69/70 MP: 8/8
  5660 | D:6      | Reached skill level 10 in Axes
  5694 | D:6      | Found a broken altar of Ashenzari.
  6273 | D:7      | Reached * piety under Makhleb
  6334 | D:7      | Found Leurhoac's Book Boutique.
  6396 | D:7      | Noticed a boulder beetle
  6412 | D:7      | Noticed a hornet
  6426 | D:7      | Killed a boulder beetle
  6426 | D:7      | Reached skill level 11 in Axes
  6428 | D:7      | Killed a hornet
  6489 | D:7      | Found a staircase to the Ecumenical Temple.
  6491 | D:7      | Noticed Harold
  6501 | D:7      | Killed Harold
  6501 | D:7      | Reached XP level 10. HP: 34/80 MP: 9/9
  6512 | Temple   | Entered the Ecumenical Temple
  6831 | D:7      | Reached skill level 12 in Axes
  6899 | D:7      | Reached ** piety under Makhleb
  7110 | D:8      | Noticed a two-headed ogre
  7117 | D:8      | Reached skill level 5 in Fighting
  7119 | D:8      | Killed a two-headed ogre
  7138 | D:8      | Reached skill level 5 in Armour
  7167 | D:8      | Found a staircase to the Lair.
  7348 | D:8      | Reached skill level 13 in Axes
  7367 | D:8      | Reached XP level 11. HP: 89/89 MP: 10/10
  7765 | D:9      | Reached *** piety under Makhleb
  7977 | D:9      | Noticed an obsidian statue
  8019 | D:9      | Found a bloodstained altar of Trog.
  8555 | D:10     | Entered Level 10 of the Dungeon
  9492 | D:11     | Reached **** piety under Makhleb
  9503 | D:11     | Found a staircase to the Orcish Mines.
  9565 | D:11     | Reached skill level 14 in Axes
  9588 | D:11     | Noticed a cyclops
  9601 | D:11     | Killed a cyclops
  9633 | D:11     | Noticed a cyan ugly thing
  9644 | D:11     | Killed a cyan ugly thing
  9719 | D:11     | Reached ***** piety under Makhleb
  9754 | D:11     | Got a pitted ring mail
  9765 | D:11     | Identified the +4 ring mail of Cheibriados's Reproof
                  | {Int+3} (You found it on level 11 of the Dungeon)
 10103 | D:11     | Noticed a white ugly thing
 10112 | D:11     | Killed a white ugly thing
 10546 | D:12     | Found a transporter.
 10547 | D:12     | Found a one-way gate to the infinite horrors of the Abyss.
 10547 | D:12     | Noticed droidtality's ghost (journeyman DDFi)
 10555 | D:12     | Found a transporter.
 10561 | D:12     | Reached XP level 12. HP: 98/100 MP: 11/11
 10572 | D:12     | Noticed a sun demon
 10604 | D:12     | Identified the +7 battleaxe "Hydrabane" {distort, *Contam
                  | rElec rC+++ rN+}
 10616 | D:12     | Noticed Snorg
 10861 | D:12     | Killed Snorg
 11085 | D:12     | Noticed Jorgrun
 11096 | D:12     | HP: 2/101 [Jorgrun/uncursed staff of earth (16)]
 11097 | D:12     | Killed from afar by Jorgrun

Illustrated notes

Levels and vault maps discovered:
D:1:      noname_arrival_rooms_in_the_neighbourhood, layout_basic
D:2:      layout_basic, chequers_ecumenical_altar_simple
D:3:      kb_forest_paths, layout_loops_ring, uniq_crazy_yiuf_cottage,
          uniq_terence
D:4:      layout_loops_cross
D:5:      layout_loops_corners, zin_angel, minmay_checkerbox, uniq_sigmund
D:6:      layout_loops_corners, minitemple, ashenzari_altar_1, uniq_maggie
D:7:      layout_rooms, temple_fountains, serial_shops, kennysheep_mini,
          minmay_manual_moon, uniq_harold
D:8:      layout_rooms, due_lair_maze_entry_diamond
D:9:      layout_loops_ring, minivault_22, minivault_16,
          trog_three_pillars_becter
D:10:     layout_irregular_city
D:11:     layout_stronghold, zombieorc2_lemuel
D:12:     layout_cave_pods, gammafunk_ghost_abyssal_escape, uniq_snorg,
          uniq_jorgrun
Temple:   compressed_dpeg_triangle_lava_temple

Skill      XL: |  1  2  3  4  5  6  7  8  9 10 11 |
---------------+----------------------------------+-----
Axes           | 2 3 4 5 6 7 9 11 13 14 | 14.9
Dodging        | 1 2 |  2.5
Stealth        | 1 |  1.4
Armour         | 4 5 6 |  6.8
Fighting       | 4 6 7 |  7.7
Shields        | |  2.6

Action                   |  1- 3 |  4- 6 |  7- 9 | 10-12 || total
-------------------------+-------+-------+-------+-------++-------
Melee: War axe           |   114 |   207 |   137 |       ||   458
       Battleaxe         |       |       |   147 |   508 ||   655
  Use: Potion            |       |     2 |     3 |     1 ||     6
       Scroll            |       |       |     9 |     4 ||    13
Armor: Scale mail        |    70 |    61 |    51 |       ||   182
       Chain mail        |       |       |    81 |   334 ||   415
Dodge: Dodged            |    65 |    65 |   162 |   448 ||   740
Block: Kite shield       |    76 |    71 |    55 |       ||   202

Table legend: (Time is in decaauts)
 A = Elapsed time spent in this place.
 B = Non-inter-level travel time spent in this place.
 C = Inter-level travel time spent in this place.
 D = Time resting spent in this place.
 E = Time spent auto-exploring this place.
 F = Levels seen in this place.
 G = Mean time per level.
                   A        B        C        D        E       F      G
               +--------+--------+--------+--------+--------+-----+--------+
         Total |  11298 |  10488 |    810 |    981 |   7290 |  13 |  869.1 |
       Dungeon |  11006 |  10196 |    810 |    691 |   7290 |  12 |  917.2 |
        Temple |    291 |    291 |      0 |    290 |      0 |   1 |  291.0 |
               +--------+--------+--------+--------+--------+-----+--------+

Top non-repeatable levels by time:
     D:4: 1341 daAuts
     D:6: 1186 daAuts
     D:5: 1083 daAuts
     D:3: 1055 daAuts
     D:9: 1032 daAuts
     D:2: 1021 daAuts
    D:11: 953 daAuts
    D:10: 869 daAuts
     D:1: 755 daAuts
     D:8: 590 daAuts
    D:12: 565 daAuts
     D:7: 551 daAuts
  Temple: 291 daAuts
